 Dungeon Crawl Stone Soup version 0.20.1-1-g8b1a95d (webtiles) character file.

4890 joejoepie the Spear-Bearer (level 10, -3/129 HPs)
             Began as a Black Draconian Berserker on Nov 13, 2017.
             Was a High Priest of Trog.
             Slain by a hornet (9 damage)
             ... on level 8 of the Dungeon.
             The game lasted 01:02:06 (9439 turns).

joejoepie the Spear-Bearer (DrBe)                   Turns: 9439, Time: 01:02:07

Health: -3/129     AC: 12    Str: 28    XL:     10   Next: 26%
Magic:  10/10      EV: 13    Int:  7    God:    Trog [*****.]
Gold:   399        SH:  9    Dex: 11    Spells: 9/9 levels left

rFire    . . .     SeeInvis .   a - +1 spear
rCold    . . .     Gourm    .   B - +0 shield
rNeg     . . .     Faith    .   (armour unavailable)
rPois    .         Spirit   .   (helmet restricted)
rElec    +         Reflect  .   y - +2 cloak
rCorr    .         Harm     .   (no gloves)
MR       .....                  k - +1 pair of boots
Stlth    ..........             (no amulet)
Regen    0.4/turn               E - ring of stealth
MPRegen  0.2/turn               (no ring)

@: berserking, lethally poisoned (-3 -> -6), short of breath, very slightly
contaminated, slowed
A: breathe lightning, unfitting armour, electricity resistance, cold-blooded, AC
+7
a: Breathe Lightning, Berserk, Trog's Hand, Brothers in Arms, Burn Spellbooks,
Renounce Religion


You were on level 8 of the Dungeon.
You worshipped Trog.
Trog was extremely pleased with you.
You were very hungry.

You visited 1 branch of the dungeon, and saw 8 of its levels.
You also visited: Sewer.

You collected 399 gold pieces.

Inventory:

Hand Weapons
 a - a +1 spear (weapon)
 n - a +0 hunting sling
 p - a +4 club
 t - a +0 flail
 v - a +0 hand axe of draining
 D - a +3 battleaxe
 H - a cursed +3 war axe
 I - a +0 halberd
Missiles
 l - 7 tomahawks (quivered)
 o - 22 sling bullets
 q - 332 stones
Armour
 g - a +0 chain mail
 k - a +1 pair of boots (worn)
 y - a +2 cloak (worn)
 B - a +0 shield (worn)
 L - a +0 helmet
Jewellery
 E - a ring of stealth (left hand)
Wands
 m - a wand of lightning (13/15)
Scrolls
 e - 4 scrolls of teleportation
 f - a scroll of blinking
 j - a scroll of recharging
 s - a scroll of remove curse
 F - a scroll of enchant weapon
 G - 2 scrolls of fog
 N - a scroll of enchant armour {unknown}
Potions
 c - a potion of curing
 h - a potion of brilliance
 i - 2 potions of invisibility
 w - 2 potions of heal wounds
 x - a potion of magic
 z - a potion of lignification {unknown}
 A - 2 potions of ambrosia {unknown}
 C - 4 potions of flight {unknown}
Books
 r - a book of Maledictions

   Spells                             Type                      Level
   a - Corona                         Hexes                        1
   b - Ensorcelled Hibernation        Hexes/Ice                    2
   c - Confuse                        Hexes                        3
   d - Tukima's Dance                 Hexes                        3
   e - Dazzling Spray                 Conjuration/Hexes            3
   Trog disapproves of the use of such an item.
 M - a book of Conjurations

   Spells                             Type                      Level
   a - Magic Dart                     Conjuration                  1
   b - Searing Ray                    Conjuration                  2
   c - Dazzling Spray                 Conjuration/Hexes            3
   d - Fulminant Prism                Conjuration/Hexes            4
   e - Force Lance                    Conjuration/Translocation    4
   f - Iskenderun's Mystic Blast      Conjuration                  4
   Trog disapproves of the use of such an item.
Comestibles
 b - 8 bread rations
 d - 2 royal jellies
 u - 10 fruits
 J - a meat ration


   Skills:
 + Level 7.6 Fighting
 + Level 2.1(6.6) Axes
 + Level 9.9(10.0) Polearms
 + Level 3.3 Throwing
 + Level 7.3 Dodging
 + Level 4.6 Stealth
 + Level 1.7 Shields


You had 9 spell levels left.
You didn't know any spells.

Dungeon Overview and Level Annotations

Branches:
Dungeon (8/15)             Temple (0/1) D:6            Lair (0/6) D:8

Altars:
Trog
Xom

Shops:
D:4 !   D:5 [


Innate Abilities, Weirdness & Mutations

You can breathe wild blasts of lightning.
Your glossy black scales are hard. (AC +7)
You cannot fit into any form of body armour.
You are resistant to electric shocks. (rElec)
You are cold-blooded and may be slowed by cold attacks.


Message History

You feel somewhat more hungry. The hornet misses you. The hornet stings you.
* * * LOW HITPOINT WARNING * * *
You suddenly lose the ability to move!
The hornet stings you.
* * * LOW HITPOINT WARNING * * *
You are poisoned.
You feel as though you will be slow longer.
You feel sick. The hornet stings you!
* * * LOW HITPOINT WARNING * * *
You feel as though you will be slow longer.
You can move again.
A red film seems to cover your vision as you go berserk!
You feel yourself moving faster!
You feel mighty!
You are feeling very hungry.
You feel sick. The hornet closely misses you.
The scorpion stings you but does no damage.
You block the hornet's attack. The scorpion closely misses you.
You feel a strong urge to attack something.
The hornet stings you!
You die...

.#.....#####.##........######....
........## #.#########....###.#..
.........# #.# #####.........
.........# #.## ###......##.....
.........# #..# #...####......##
.........# ##.####.### #......#
.........# #.##...# #......#
.........####.##.### #......#
..[......(.....y@.## #......#
.#.....######..s...## ########
##### ######..#########
##.........### #########...##
###..## ##... ####


You could see a hornet and a scorpion.

Vanquished Creatures
  Pikel (D:3)
  2 hippogriffs
  Sigmund (D:5)
  4 yaks
  A steam dragon (D:8)
  A hungry ghost (D:8)
  Edmund (D:6)
  Duvessa (D:6)
  2 orc warriors
  A sky beast (D:6)
  A slave (D:4)
  2 black bears (D:7)
  A phantom (D:5)
  4 ogres
  2 centaurs (D:7)
  Blork the orc (D:6)
  2 big kobolds
  A bullfrog (D:8)
  5 scorpions
  Dowan (D:6)
  5 wights (D:6)
  2 crimson imps
  2 centaur zombies (D:8)
  4 hounds
  A centaur skeleton (D:5)
  3 orc priests
  A bullfrog zombie (D:5)
  Crazy Yiuf (D:6)
  2 bullfrog skeletons
  4 orc wizards
  An iguana (D:6)
  4 worker ants
  A worker ant zombie (D:6)
  Robin (D:3)
  A howler monkey skeleton (D:5)
  10 adders
  4 river rats (Sewer)
  2 adder zombies
  5 worms
  6 leopard geckos
  33 orcs
  3 ball pythons
  5 giant cockroaches
  18 goblins
  17 hobgoblins
  19 jackals
  5 quokkas
  9 bats
  7 frilled lizards
  25 kobolds
  4 rats
240 creatures vanquished.

Vanquished Creatures (others)
  An orc priest (D:5)
  An adder skeleton (D:5)
  An orc (D:4)
3 creatures vanquished.

Grand Total: 243 creatures vanquished

Notes
Turn   | Place    | Note
-------+----------+-------------------------------------------
     0 | D:1      | joejoepie the Draconian Berserker began the quest for the Orb.
     0 | D:1      | Reached XP level 1. HP: 19/19 MP: 1/1
   243 | D:1      | Reached XP level 2. HP: 19/26 MP: 2/2
   444 | D:1      | Found a shimmering altar of Xom.
   672 | D:2      | Reached XP level 3. HP: 24/33 MP: 3/3
   843 | D:2      | Reached ** piety under Trog
  1398 | D:2      | Reached XP level 4. HP: 40/40 MP: 4/4
  1604 | D:2      | Reached skill level 4 in Polearms
  1966 | D:3      | Noticed Robin
  2264 | D:3      | Killed Robin
  2269 | D:3      | Reached XP level 5. HP: 44/47 MP: 5/5
  2405 | D:3      | Reached *** piety under Trog
  2782 | D:3      | Reached skill level 1 in Stealth
  2789 | D:3      | Found a bloodstained altar of Trog.
  3146 | D:4      | Noticed an ogre
  3151 | D:4      | Killed an ogre
  3151 | D:4      | Reached skill level 5 in Polearms
  3151 | D:4      | Reached XP level 6. HP: 53/53 MP: 6/6
  3269 | D:4      | Found Sonifail's Distillery.
  3342 | D:4      | Reached skill level 1 in Throwing
  3691 | D:4      | Reached skill level 5 in Fighting
  3791 | D:5      | Entered Level 5 of the Dungeon
  3791 | D:5      | Noticed Pikel
  3791 | D:5      | Noticed a slave
  3791 | D:5      | Noticed a slave
  3795 | D:5      | Noticed a slave
  3797 | D:5      | Noticed a slave
  3816 | D:4      | Killed a slave
  4037 | D:3      | Killed Pikel
  4037 | D:3      | Reached skill level 6 in Polearms
  4037 | D:3      | Your scales start taking on a glossy black colour.
  4037 | D:3      | Reached XP level 7. HP: 62/62 MP: 7/7
  4037 | D:3      | Gained mutation: You are resistant to electric shocks. (rElec) [Black Draconian growth]
  4183 | D:5      | Found Jokhaff's Armour Boutique.
  4191 | D:5      | Reached XP level 8. HP: 59/70 MP: 8/8
  4401 | D:5      | Noticed Sigmund
  4412 | D:5      | Killed Sigmund
  4412 | D:5      | Reached skill level 7 in Polearms
  4431 | D:5      | Reached skill level 5 in Dodging
  4522 | D:5      | Reached **** piety under Trog
  4933 | D:6      | Noticed Edmund
  4935 | D:6      | Noticed Dowan
  4937 | D:6      | Noticed Duvessa
  5180 | D:6      | Killed Dowan
  5463 | D:6      | Killed Edmund
  5463 | D:6      | Reached skill level 8 in Polearms
  5540 | D:6      | Found a glowing drain.
  5571 | Sewer    | Entered a sewer
  5585 | Sewer    | Reached ***** piety under Trog
  5870 | Sewer    | Reached XP level 9. HP: 71/78 MP: 9/9
  5922 | Sewer    | Found a white marble altar of Elyvilon.
  6165 | D:6      | Killed Duvessa
  6454 | D:6      | Noticed Blork the orc
  6499 | D:6      | Killed Blork the orc
  6950 | D:6      | Found a staircase to the Ecumenical Temple.
  6974 | D:6      | Found a runed door.
  6978 | D:6      | Noticed Crazy Yiuf
  6984 | D:6      | Killed Crazy Yiuf
  7511 | D:7      | Reached skill level 1 in Axes
  8034 | D:7      | Reached skill level 9 in Polearms
  8461 | D:8      | Found a staircase to the Lair.
  8578 | D:8      | Reached skill level 1 in Shields
  8578 | D:8      | Reached XP level 10. HP: 86/86 MP: 10/10
  9427 | D:8      | Paralysed by a hornet for 1 turns
  9436 | D:8      | Paralysed by a hornet for 2 turns
  9438 | D:8      | HP: 5/129 [poisoned by a hornet]
  9439 | D:8      | Slain by a hornet

Skill      XL: |  1  2  3  4  5  6  7  8  9 10 |
---------------+-------------------------------+-----
Dodging        | 3 4 5 6 7 |  7.3
Fighting       | 4 5 6 7 |  7.6
Polearms       | 4 5 6 8 9 |  9.9
Stealth        | 1 2 4 |  4.6
Throwing       | 2 3 |  3.3
Axes           | 2 |  2.1
Shields        | 1 |  1.7

Action                   |  1- 3 |  4- 6 |  7- 9 | 10-12 || total
-------------------------+-------+-------+-------+-------++-------
Melee: Spear             |   142 |   298 |   586 |   132 ||  1158
       Tailslap          |    12 |    34 |    92 |    15 ||   153
       Battleaxe         |       |       |    22 |       ||    22
Throw: Tomahawk          |     2 |    15 |    38 |     1 ||    56
       Stone             |       |     1 |     6 |       ||     7
Invok: Berserk           |       |     2 |     5 |     2 ||     9
       Trog's Hand       |       |       |     1 |       ||     1
 Abil: Breathe Lightning |       |       |     4 |     1 ||     5
  Use: Scroll            |     4 |     6 |     6 |     1 ||    17
       Potion            |     3 |       |     1 |     1 ||     5
 Stab: Sleeping          |     2 |       |    13 |     2 ||    17
       Distracted        |       |       |     1 |     1 ||     2
  Eat: Chunk             |     2 |     5 |     9 |     5 ||    21
       Bread ration      |       |     1 |     2 |       ||     3
       Royal jelly       |       |       |     1 |       ||     1
       Meat ration       |       |       |     1 |       ||     1
Armor: Skin              |    47 |    62 |   152 |    31 ||   292
Dodge: Dodged            |    79 |   174 |   341 |    58 ||   652
Block: Shield            |       |       |    32 |    45 ||    77
